 Dungeon Crawl Stone Soup version 0.22.1-1-ga44c0e5 (webtiles) character file.

7345 PinHead the Thaumaturge (level 11, -3/69 HPs)
             Began as an Octopode Venom Mage on Oct 28, 2018.
             Was an Initiate of Ashenzari.
             Slain by a centaur warrior (7 damage)
             ... on level 10 of the Dungeon.
             The game lasted 00:44:34 (14101 turns).

PinHead the Thaumaturge (Octopode Venom Mage)      Turns: 14101, Time: 00:44:35

Health: -3/69      AC:  1    Str: 13    XL:     11   Next: 13%
Magic:  9/24       EV: 14    Int: 17    God:    Ashenzari [......]
Gold:   234        SH:  0    Dex: 18    Spells: 11/29 levels left

rFire    . . .     SeeInvis +   C - +0 trident
rCold    . . .     Gourm    .   (no shield)
rNeg     + . .     Faith    .   (helmet restricted)
rPois    +         Spirit   .   p - amulet of magic regeneration
rElec    .         Reflect  .   q - ring of positive energy
rCorr    .         Harm     .   x - +2 ring of dexterity
MR       .....                  (no ring)
Stlth    +++.......             (no ring)
HPRegen  0.21/turn              (no ring)
MPRegen  0.44/turn              (no ring)
                                (no ring)
                                (no ring)

@: mighty, very slightly contaminated, hasted, very quick
A: almost no armour, stealthy swim, amphibious, 8 rings, constrict 8, camouflage
1, see invisible, mutation resistance 1, poison resistance, gelatinous body 1,
subdued magic 1
a: Curse Item, Renounce Religion


You were on level 10 of the Dungeon.
You worshipped Ashenzari.
Ashenzari was noncommittal.
You were not hungry.

You visited 2 branches of the dungeon, and saw 11 of its levels.

You collected 434 gold pieces.
You spent 200 gold pieces at shops.

Inventory:

Hand Weapons
 C - a +0 trident (weapon)
 M - a +2 whip of flaming
Missiles
 u - 8 needles of confusion
 v - 2 throwing nets (quivered)
 K - 99 arrows
Jewellery
 p - an amulet of magic regeneration (around mantle)
 q - a ring of positive energy (left tentacle)
 x - a +2 ring of dexterity (right tentacle)
 y - an uncursed amulet of faith
Wands
 k - a wand of iceblast (8)
 B - a wand of flame (10)
 E - a wand of polymorph (22)
 H - a wand of acid (3)
 L - a wand of paralysis (13)
Scrolls
 d - 8 scrolls of remove curse
 i - 4 scrolls of fear {unknown}
 l - 3 scrolls of amnesia {unknown}
 m - 4 scrolls of blinking {unknown}
 n - a scroll of noise {unknown}
 r - 2 scrolls of random uselessness {unknown}
 s - a scroll of enchant armour {unknown}
 t - 4 scrolls of teleportation
 w - 3 scrolls of immolation {unknown}
 I - a scroll of enchant weapon {unknown}
Potions
 c - a potion of resistance {unknown}
 e - a potion of might
 g - 2 potions of curing
 h - 2 potions of heal wounds
 j - 2 potions of flight
 o - a potion of brilliance {unknown}
 z - a potion of degeneration {unknown}
 A - 3 potions of ambrosia
 D - a potion of berserk rage {unknown}
 F - 3 potions of lignification
 J - a potion of agility {unknown}
Comestibles
 a - 11 chunks of flesh
 b - 11 rations


   Skills:
 + Level 4.0 Fighting
 + Level 6.3 Polearms
 - Level 2.0 Dodging
 - Level 2.6 Stealth
 + Level 9.7 Spellcasting
 * Level 2.0 Conjurations
 - Level 0.4 Hexes
 - Level 4.0 Translocations
 - Level 4.3 Transmutations
 * Level 4.3 Fire Magic
 - Level 2.2 Air Magic
 - Level 9.0 Poison Magic
 - Level 0.8 Evocations


You had 11 spell levels left.
You knew the following spells:

 Your Spells              Type           Power        Failure   Level  Hunger
a - Sting                 Conj/Pois      ###.         1%          1    None
b - Poisonous Vapours     Pois/Air       ###...       1%          2    None
c - Olgreb's Toxic Radia  Pois           ####....     1%          4    ###....
d - Spider Form           Tmut/Pois      ###.......   1%          3    None
e - Sticks to Snakes      Tmut           ###.....     1%          2    None
f - Blink                 Tloc           N/A          1%          2    None
g - Confusing Touch       Hex            #.....       6%          1    None
h - Conjure Flame         Conj/Fire      ##......     5%          3    None

Your spell library contained the following spells:

 Spells                   Type           Power        Failure   Level  Hunger
 Beastly Appendage        Tmut           ###...       1%          1    None
 Magic Dart               Conj           ##..         2%          1    None
 Gell's Gravitas          Tloc           ###.......   3%          3    None
 Mephitic Cloud           Conj/Pois/Air  ###.....     3%          3    None
 Slow                     Hex            #.......     9%          2    None
 Call Imp                 Summ           #.......     11%         2    None
 Confuse                  Hex            #.......     19%         3    None
 Venom Bolt               Conj/Pois      ###.......   22%         5    #####..
 Ice Form                 Ice/Tmut       ##......     30%         4    ###....
 Petrify                  Tmut/Erth      ##......     30%         4    ###....
 Blade Hands              Tmut           ###.......   34%         5    #####..
 Yara's Violent Unravell  Hex/Tmut       ##........   63%         5    #####..
 Metabolic Englaciation   Hex/Ice        #.........   90%         5    #####..
 Freezing Cloud           Conj/Ice/Air   ##........   100%        6    ######.
 Ring of Flames           Chrm/Fire      ##........   100%        7    #######


Dungeon Overview and Level Annotations

Branches:
Dungeon (10/15)            Temple (1/1) D:7
   Lair: D:8-11         Orc: D:9-12

Altars:
Ashenzari
Cheibriados
Dithmenos
Elyvilon
Fedhas
Gozag
Hepliaklqana
Kikubaaqudgha
Makhleb
Nemelex Xobeh
Okawaru
Qazlal
Ru
Sif Muna
Trog
Uskayaw
Vehumet
Wu Jian
Xom
Yredelemnul
Zin
The Shining One

Shops:
D:5 :   D:9 *

Annotations:
D:6 exclusion: downstairs
D:7 exclusion: downstairs
D:8 exclusion: downstairs


Innate Abilities, Weirdness & Mutations

You cannot wear most types of armour.
You are very stealthy in the water. (Stealth+)
You are amphibious.
You can wear up to eight rings at the same time.
You can use your tentacles to constrict eight enemies at once.
Your skin changes colour to match your surroundings (Stealth+).
Your rubbery body absorbs attacks. (AC +1, EV +1)
You have supernaturally acute eyesight. (SInv)
You are somewhat resistant to further mutation.
Your system is resistant to poisons. (rPois)
Your spells are a little easier to cast, but a little less powerful.


Message History

The centaur warrior is lightly wounded.
The centaur warrior hits you. The centaur warrior hits you!
You puncture the centaur warrior!
The centaur warrior is lightly wounded.
Your toxic aura wanes.
The centaur warrior hits you but does no damage.
Casting: Poisonous Vapours (safe; 1% risk of failure)
Confirm with . or Enter, or press ? or * to list all spells.
Aiming: Poisonous Vapours (safe; 1% risk of failure)
Press: ? - help, Dir - move target cursor, f/p - centaur warrior
Aim: a centaur warrior (lightly wounded, poisoned) Poisonous vapours surround the centaur warrior!
The centaur warrior is engulfed in poison gas.
The centaur warrior looks even sicker.
The centaur warrior hits you!
* * * LOW HITPOINT WARNING * * *
The centaur warrior is engulfed in poison gas.
The centaur warrior looks even sicker.
The centaur warrior hits you!
* * * LOW HITPOINT WARNING * * *
You feel yourself speed up. The centaur warrior hits you!
You die...

#......# #.รท....#
##[##### #)# #.##
#..### ##...#
########+ ####c####
#........
#..@....####........
#.......##.'........
#.......'..#.....(..
#.......####........
#.......# #########
#.......# #########


You could see a centaur warrior.

Vanquished Creatures
  Erolcha (D:10)
  2 two-headed ogres
  Pikel (D:9)
  Joseph (D:9)
  A kobold demonologist (D:10)
  A centaur skeleton (D:9)
  2 hippogriffs
  A wyvern (D:9)
  2 orc warriors
  4 slaves (D:9)
  3 ice beasts (D:7)
  3 sky beasts
  5 ogres
  A centaur (D:5)
  2 big kobolds (D:7)
  A gnoll sergeant (D:8)
  2 bullfrogs
  A wyvern skeleton (D:10)
  3 scorpions
  14 killer bees
  4 howler monkeys
  A centaur zombie (D:10)
  5 crimson imps
  A bullfrog zombie (D:7)
  3 jellies
  5 orc wizards
  A hound (D:4)
  2 orc priests
  2 bullfrog skeletons
  2 iguanas
  5 worker ants
  A killer bee zombie (D:7)
  A worker ant zombie (D:10)
  9 gnolls
  A howler monkey skeleton (D:7)
  6 adders
  An adder zombie (D:8)
  An adder skeleton (D:6)
  3 worms (D:2)
  2 dart slugs
  5 leopard geckos
  33 orcs
  3 giant cockroaches (D:2)
  7 goblins
  4 hobgoblins
  2 jackals (D:3)
  6 quokkas
  A ball python (D:4)
  4 bats
  3 frilled lizards
  19 kobolds
  A quokka skeleton (D:9)
  8 rats
203 creatures vanquished.

Notes
Turn   | Place    | Note
-------+----------+-------------------------------------------
     0 | D:1      | PinHead the Octopode Venom Mage began the quest for the
                  | Orb.
     0 | D:1      | Reached XP level 1. HP: 11/11 MP: 3/3
   648 | D:1      | Reached XP level 2. HP: 17/17 MP: 5/5
   652 | D:1      | Learned a level 2 spell: Poisonous Vapours
  1212 | D:1      | Reached XP level 3. HP: 19/21 MP: 0/6
  2220 | D:2      | Found a faded altar of an unknown god.
  2223 | D:2      | Reached skill level 5 in Poison Magic
  2468 | D:2      | Reached XP level 4. HP: 27/27 MP: 7/7
  3173 | D:2      | Learned a level 4 spell: Olgreb's Toxic Radiance
  3254 | D:3      | Reached skill level 1 in Air Magic
  4387 | D:4      | Reached XP level 5. HP: 23/32 MP: 2/9
  4604 | D:4      | Noticed an ogre
  4612 | D:4      | Killed an ogre
  5041 | D:4      | Reached XP level 6. HP: 31/37 MP: 3/11
  5433 | D:5      | Entered Level 5 of the Dungeon
  5445 | D:5      | Reached skill level 1 in Fighting
  6283 | D:5      | Reached XP level 7. HP: 40/43 MP: 10/13
  6570 | D:5      | Reached skill level 1 in Polearms
  6598 | D:5      | Learned a level 3 spell: Spider Form
  6635 | D:5      | Reached skill level 5 in Spellcasting
  6641 | D:5      | Reached skill level 1 in Transmutations
  6856 | D:5      | Found Missar's Book Shop.
  7059 | D:6      | Found a blossoming altar of Fedhas.
  7059 | D:6      | Found an ornate altar of the Wu Jian Council.
  7059 | D:6      | Found an iron altar of Okawaru.
  7192 | D:6      | Found a glowing golden altar of the Shining One.
  7198 | D:6      | Reached XP level 8. HP: 50/50 MP: 8/15
  7898 | D:7      | Found a staircase to the Ecumenical Temple.
  8352 | D:7      | Noticed a hippogriff
  8575 | D:7      | Killed a hippogriff
  8975 | D:7      | Learned a level 2 spell: Sticks to Snakes
  9346 | D:5      | Bought a book of Minor Magic for 200 gold pieces
  9349 | D:5      | Learned a level 2 spell: Blink
  9811 | D:7      | Found a shimmering altar of Xom.
  9821 | D:7      | Reached XP level 9. HP: 42/55 MP: 10/18
  9823 | D:7      | Reached skill level 1 in Translocations
 10715 | Temple   | Entered the Ecumenical Temple
 10837 | Temple   | Became a worshipper of Ashenzari the Shackled
 10916 | D:7      | Learned a level 1 spell: Confusing Touch
 11441 | D:8      | Noticed a two-headed ogre
 11451 | D:8      | Killed a two-headed ogre
 11482 | D:8      | Learned a level 3 spell: Conjure Flame
 11637 | D:8      | Gained mutation: Your natural rate of healing is unusually
                  | fast. [potion of mutation]
 11637 | D:8      | Gained mutation: Your spells are a little easier to cast,
                  | but a little less powerful. [potion of mutation]
 11637 | D:8      | Gained mutation: You are dopey. (Int -2) [potion of
                  | mutation]
 11637 | D:8      | Gained mutation: You are somewhat resistant to further
                  | mutation. [potion of mutation]
 11638 | D:8      | Lost mutation: You are dopey. (Int -2) [potion of mutation]
 11638 | D:8      | Lost mutation: Your natural rate of healing is unusually
                  | fast. [potion of mutation]
 11638 | D:8      | Gained mutation: You have supernaturally acute eyesight.
                  | (SInv) [potion of mutation]
 11638 | D:8      | Gained mutation: Your system is resistant to poisons.
                  | (rPois) [potion of mutation]
 11726 | D:8      | Reached skill level 1 in Fire Magic
 11821 | D:8      | Reached XP level 10. HP: 54/63 MP: 11/21
 11828 | D:8      | Reached skill level 5 in Polearms
 12574 | D:9      | Noticed a two-headed ogre
 12638 | D:9      | Killed a two-headed ogre
 12880 | D:9      | Noticed Pikel
 12891 | D:9      | Killed Pikel
 13000 | D:9      | Noticed Joseph
 13436 | D:9      | Found Dootut's Assorted Antiques.
 13614 | D:9      | Killed Joseph
 13990 | D:10     | Entered Level 10 of the Dungeon
 14012 | D:10     | Noticed a centaur warrior
 14014 | D:10     | Noticed a two-headed ogre
 14019 | D:10     | Noticed a kobold demonologist
 14020 | D:10     | Noticed a sun demon
 14055 | D:10     | Noticed a kobold demonologist
 14059 | D:10     | Noticed an orange demon
 14061 | D:10     | Killed a kobold demonologist
 14061 | D:10     | Reached XP level 11. HP: 46/68 MP: 22/24
 14073 | D:10     | Noticed Erolcha
 14084 | D:10     | Killed Erolcha
 14100 | D:10     | HP: 3/69 [centaur warrior (9)]
 14101 | D:10     | Slain by a centaur warrior

Skill      XL: |  1  2  3  4  5  6  7  8  9 10 11 |
---------------+----------------------------------+-----
Poison Magic   | 4 5 6 7 8 9 |  9.0
Air Magic      | 2 |  2.2
Spellcasting   | 3 4 5 6 7 9 |  9.7
Fighting       | 1 2 3 4 |  4.0
Polearms       | 2 3 4 6 |  6.3
Transmutations | 1 2 4 |  4.3
Translocations | 3 4 |  4.0
Fire Magic     | 1 4 |  4.3
Conjurations   | 2 |  2.0
Dodging        | |  2.0
Stealth        | |  2.6
Hexes          | |  0.4
Evocations     | |  0.8

Action                   |  1- 3 |  4- 6 |  7- 9 | 10-12 || total
-------------------------+-------+-------+-------+-------++-------
Melee: Unarmed           |    59 |    55 |       |       ||   114
       Constrict         |    20 |    20 |    33 |    13 ||    86
       Tentacles         |    10 |     7 |    25 |    13 ||    55
       Trident           |       |    20 |   154 |    89 ||   263
 Cast: Sting             |     8 |     4 |       |       ||    12
       Poisonous Vapours |    16 |    17 |    36 |    50 ||   119
       Olgreb's Toxic Ra |       |     9 |    29 |    24 ||    62
       Confusing Touch   |       |       |     3 |       ||     3
       Sticks to Snakes  |       |       |     1 |       ||     1
Evoke: Wand              |       |       |    10 |     7 ||    17
  Use: Potion            |       |     1 |     2 |     4 ||     7
       Scroll            |       |       |     7 |     3 ||    10
 Stab: Sleeping          |     5 |     4 |     5 |     1 ||    15
  Eat: Chunk             |     6 |    14 |    11 |     7 ||    38
       Ration            |       |       |     3 |     1 ||     4
Armor: Skin              |     4 |     8 |     6 |     3 ||    21
Dodge: Dodged            |    33 |    69 |   109 |    62 ||   273
